 Dungeon Crawl Stone Soup version 0.27.0-1-g7a089689b8 (webtiles) character file.

Game seed: 10086037541925323181

93 freelancePsychic the Charlatan (level 4, -1/34 HPs)
             Began as a Djinni Artificer on Aug 14, 2021.
             Slain by a killer bee zombie (4 damage)
             ... on level 4 of the Dungeon.
             The game lasted 00:05:59 (4926 turns).

freelancePsychic the Charlatan (Djinni Artificer)   Turns: 4926, Time: 00:06:00

Health: -1/34      AC:  4    Str: 11    XL:     4   Next: 92%
Gold:   63         EV: 12    Int: 13    God:
                   SH:  0    Dex: 14

rFire    + + +     SeeInvis .   f - +0 dagger
rCold    . . .     Faith    .   (no shield)
rNeg     . . .     Spirit   .   b - +0 leather armour
rPois    ∞         Reflect  .   j - +0 helmet
rElec    +         Harm     .   (no cloak)
rCorr    +         Rampage  .   (no gloves)
Will     .....                  (boots unavailable)
Stlth    +.........             (no amulet)
HPRegen  0.11/turn              m - ring of wizardry
MPRegen  0.00/turn              (no ring)

@: resistant, flying
A: sickness immunity, fire resistance 2, cold vulnerability 1, float, innate
caster, hp casting, extra vitality 1
a: no special abilities


You were on level 4 of the Dungeon.
You visited 1 branch of the dungeon, and saw 5 of its levels.

You collected 63 gold pieces.

Inventory:

Hand Weapons
 a - a +0 club
 f - a +0 dagger (weapon)
Armour
 b - a +0 leather armour (worn)
 j - a +0 helmet (worn)
Jewellery
 m - a ring of wizardry (left hand)
Wands
 c - a wand of flame (2)
 d - a wand of charming (15)
 i - a wand of acid (6)
 o - a wand of paralysis (6)
Scrolls
 p - 3 scrolls of identify {unknown}
Potions
 h - a potion of attraction {unknown}
 l - a potion of might {unknown}
 n - 2 potions of degeneration {unknown}
Miscellaneous
 e - a piece from Xom's chessboard (15/15)


   Skills:
 + Level 2.4 Fighting
 - Level 1.0 Armour
 - Level 2.1 Dodging
 - Level 0.7 Stealth
 * Level 2.4 Spellcasting
 - Level 3.0 Evocations


You had 6 spell levels left.
You knew the following spells:

 Your Spells              Type           Power      Damage    Failure   Level
a - Pain                  Necr           28%        1d5       4%          1
Your spell library was empty.

Dungeon Overview and Level Annotations

Branches:
Dungeon (5/15)
 Temple: D:4-7

Altars:
Okawaru

Annotations:
D:3 Sigmund
D:5 Grinder


Innate Abilities, Weirdness & Mutations

You are immune to sickness and miasma.
You are immune to poison.
Your flesh is very heat resistant. (rF++)
You are vulnerable to cold. (rC-)
You float through the air rather than walking.
You learn spells naturally, not from books.
Your magical power is your life essence.
You have superior vitality. (+4 HP)


Message History

You kill the ufetubus!
Found a green potion.
Found 24 arrows.
Found an escape hatch in the ceiling.
A kobold comes into view. It is wielding a +0 whip.
You hear the rapid rusting of a very distant drain.
The kobold shouts!
You hear a shout! x2
The kobold unwields a +0 whip.
The kobold wields a +0 hunting sling.
The kobold shoots a stone.
The stone closely misses you.
The kobold shoots a stone.
The stone hits you.
A killer bee zombie comes into view.
The kobold shoots a stone.
The stone hits you but does no damage.
The kobold shoots a stone.
The stone hits you.
The kobold unwields a +0 hunting sling.
The kobold wields a +0 whip.
The kobold misses you.
You barely miss the kobold. The kobold hits you with a +0 whip.
You completely miss the kobold.
The killer bee zombie closely misses you.
The kobold hits you with a +0 whip.
* * * LOW HITPOINT WARNING * * *
The killer bee zombie hits you.
* * * LOW HITPOINT WARNING * * *
You closely miss the kobold. The killer bee zombie misses you.
The kobold closely misses you. The killer bee zombie misses you.
Aiming: Paralyse
Press: ? - help, Shift-Dir - straight line, f - killer bee zombie
Aim: a killer bee zombie (chance to affect: 68%)
The killer bee zombie struggles to resist.
The killer bee zombie hits you.
* * * LOW HITPOINT WARNING * * *
The kobold closely misses you. The killer bee zombie hits you.
* * * LOW HITPOINT WARNING * * *
You feel better. The killer bee zombie hits you.
* * * LOW HITPOINT WARNING * * *
The kobold hits you with a +0 whip.
* * * LOW HITPOINT WARNING * * *
It was a potion of resistance.
You feel protected.
The orc priest shouts!
You hear a shout!
The killer bee zombie hits you.
You die...

#...#.#...##...#..
#...#.o....#..##..
#.<.#..........##.
##..
###.............#.
...
#..........#......
##..
##..#.....##....#.
♣...
#...##..######..##
##..###K###....#
#..## #.....#@#
#...## #...#
#8..8##Z# ##.##
##.## #......# ###
### ########


You could see an orc priest, a killer bee zombie and a kobold.

Vanquished Creatures
  3 adders
  An ufetubus (D:4)
  3 dart slugs
  An orc (D:3)
  13 ball pythons
  5 endoplasms
  A giant cockroach (D:2)
  6 goblins
  3 hobgoblins
  2 quokkas (D:1)
  5 bats
  A frilled lizard (D:2)
  6 kobolds
  A rat (D:1)
51 creatures vanquished.

Vanquished Creatures (others)
  4 toadstools (D:1)
4 creatures vanquished.

Grand Total: 55 creatures vanquished

Notes
Turn   | Place    | Note
-------+----------+-------------------------------------------
     0 | D:1      | freelancePsychic the Djinni Artificer began the quest for
                  | the Orb.
     0 | D:1      | Reached XP level 1. HP: 17/17 MP: 0/0
   189 | D:1      | Reached XP level 2. HP: 13/22 MP: 0/0
   191 | D:1      | Reached skill level 1 in Spellcasting
  1070 | D:1      | Reached XP level 3. HP: 27/27 MP: 0/0
  1070 | D:1      | Learned a level 1 spell: Pain
  2779 | D:2      | Reached XP level 4. HP: 20/33 MP: 0/0
  3983 | D:3      | Found an iron altar of Okawaru.
  4113 | D:3      | Noticed Sigmund
  4586 | D:5      | Entered Level 5 of the Dungeon
  4795 | D:5      | Noticed Grinder
  4797 | D:5      | Paralysed by Grinder for 3 turns
  4802 | D:5      | Paralysed by Grinder for 4 turns
  4926 | D:4      | Slain by a killer bee zombie

Illustrated notes

Levels and vault maps discovered:
D:1:      ldierk_walled_garden_2, layout_basic, minmay_misc_feat_x,
          chequers_serial_rivers_room_a
D:2:      layout_basic
D:3:      layout_loops_cross, kennysheep_okawaru_gauntlet, uniq_ijyb,
          uniq_sigmund, uniq_jessica
D:4:      layout_cave_pools, minitemple, portal_sewer_entry_b
D:5:      layout_rooms, nicolae_qazlal_style_of_elements,
          gammafunk_ghost_stat_death, hangedman_abyss_or_decor_stabs,
          palyth_stone_intersect, uniq_grinder

Skill      XL: |  1  2  3 |
---------------+----------+-----
Spellcasting   | 1 2 |  2.4
Fighting       | 2 |  2.4
Armour         | |  1.0
Dodging        | |  2.1
Stealth        | |  0.7
Evocations     | |  3.0

Action                   |  1- 3 |  4- 6 || total
-------------------------+-------+-------++-------
Melee: Club              |    28 |       ||    28
       Dagger            |    18 |    40 ||    58
 Cast: Pain              |    44 |    45 ||    89
Evoke: Wand              |     9 |     8 ||    17
  Use: Scroll            |       |     3 ||     3
       Potion            |       |     3 ||     3
 Stab: Sleeping          |       |     1 ||     1
Armor: Leather armour    |    25 |    21 ||    46
Dodge: Dodged            |    52 |    57 ||   109
